[Event "Gibraltar Masters 18th"]
[Site "Gibraltar"]
[Date "2020.01.21"]
[Round "1.22"]
[White "Paravyan, David"]
[Black "Beinoras, Mindaugas"]
[Result "1-0"]
[ECO "C43"]
[WhiteElo "2629"]
[BlackElo "2355"]
[PlyCount "53"]
[EventDate "2020.01.21"]
[EventType "swiss"]
[EventRounds "10"]
[EventCountry "GGB"]
[SourceTitle "BritBase"]
[Source "John Saunders"]
[SourceDate "2021.06.05"]
[SourceVersion "1"]
[SourceVersionDate "2021.06.05"]
[SourceQuality "1"]
[TimeControl "40/100:0"]
[WhiteClock "0:01:39"]
[BlackClock "0:02:04"]

1. e4 e5 2. Nf3 Nf6 3. d4 Nxe4 4. Bd3 d5 5. Nxe5 Nd7 6.
Nc3 Nxe5 7. dxe5 Bb4 8. O-O Nxc3 9. bxc3 Bxc3 10. Rb1 Qh4 11.
Ba3 Bg4 12. Bb5+ c6 13. Qxd5 Bd7 14. Qb3 Bxe5 15. g3 Qf6 16. Rfe1 Kd8 17. Bf1 b6 18. Rbd1 Kc7 19. Rxe5 Qxe5 20. Qxf7 Qf5 21. Qxg7 Rad8 22. Ba6 Rde8 23. Qd4 c5 24. Qd6+ Kd8 25. Qb8+ Ke7 26. Qd6+ Kd8 27. Bb5 1-0

[Event "Gibraltar Masters 18th"]
[Site "Gibraltar"]
[Date "2020.01.21"]
[Round "1.23"]
[White "Petrov, Vladimir Sergeev"]
[Black "Deac, Bogdan-Daniel"]
[Result "1/2-1/2"]
[ECO "B83"]
[WhiteElo "2353"]
[BlackElo "2626"]
[PlyCount "62"]
[EventDate "2020.01.21"]
[EventType "swiss"]
[EventRounds "10"]
[EventCountry "GGB"]
[SourceTitle "BritBase"]
[Source "John Saunders"]
[SourceDate "2021.06.05"]
[SourceVersion "1"]
[SourceVersionDate "2021.06.05"]
[SourceQuality "1"]
[TimeControl "40/100:0"]
[WhiteClock "0:18:17"]
[BlackClock "0:33:11"]

1. e4 c5 2. Nf3 Nc6 3. d4 cxd4 4. Nxd4 e6 5. Nc3 Qc7 6. Be2 Nf6 7. O-O Be7 8. Be3 O-O 9. f4 d6 10. Kh1 Nxd4 11. Qxd4 b6 12. e5 dxe5 13. fxe5 Nd7 14. Bf3 Ba6 15. Bxa8 Bxf1 16. Rxf1 Rxa8 17. Nb5 Qc6 18. Qf4 Rf8 19. Nxa7 Qxc2 20. Qd4 Qc7 21. Rd1 Rd8 22. Qa4 Nxe5 23. Rxd8+ Qxd8 24. Nc6 Nxc6 25. Qxc6 Qd1+ 26. Bg1 Bc5 27. Qe8+ Bf8 28. Qb5 Bc5 29. Qe8+ Bf8 30. Qb5 Bc5 31. Qe8+ Bf8 1/2-1/2

[Event "Gibraltar Masters 18th"]
[Site "Gibraltar"]
[Date "2020.01.21"]
[Round "1.24"]
[White "Durarbayli, Vasif"]
[Black "Barrish, Daniel"]
[Result "1-0"]
[ECO "C88"]
[WhiteElo "2625"]
[BlackElo "2352"]
[PlyCount "55"]
[EventDate "2020.01.21"]
[EventType "swiss"]
[EventRounds "10"]
[EventCountry "GGB"]
[SourceTitle "BritBase"]
[Source "John Saunders"]
[SourceDate "2021.06.05"]
[SourceVersion "1"]
[SourceVersionDate "2021.06.05"]
[SourceQuality "1"]
[TimeControl "40/100:0"]
[WhiteClock "0:36:14"]
[BlackClock "0:18:36"]

1. e4 e5 2. Nf3 Nc6 3. Bb5 a6 4. Ba4 Nf6 5. O-O Be7 6. Re1 b5 7. Bb3 O-O 8. a4 Bb7 9. d3 d6 10. Nbd2 Nd7 11. axb5 axb5 12. Rxa8 Qxa8 13. c3 Nc5 14. Bc2 b4 15. Nc4 bxc3 16. bxc3 Bf6 17. Ne3 Qa1 18. Nd5 Bd8 19. Qe2 Qa2 20. Be3 Nd7 21. Rb1 Qa8 22. Bg5 f6 23. Bc1 Ne7 24. Nxe7+ Bxe7 25. Nh4 Rd8 26. Qg4 Kh8 27. d4 Qa2 28. Bb3 1-0

[Event "Gibraltar Masters 18th"]
[Site "Gibraltar"]
[Date "2020.01.21"]
[Round "1.25"]
[White "Bellon Lopez, Juan Manuel"]
[Black "Vocaturo, Daniele"]
[Result "0-1"]
[ECO "D02"]
[WhiteElo "2348"]
[BlackElo "2622"]
[PlyCount "92"]
[EventDate "2020.01.21"]
[EventType "swiss"]
[EventRounds "10"]
[EventCountry "GGB"]
[SourceTitle "BritBase"]
[Source "John Saunders"]
[SourceDate "2021.06.05"]
[SourceVersion "1"]
[SourceVersionDate "2021.06.05"]
[SourceQuality "1"]
[TimeControl "40/100:0"]
[WhiteClock "0:02:48"]
[BlackClock "0:32:39"]

1. d4 d5 2. Nf3 Nf6 3. Bf4 c5 4. e3 Nc6 5. c3 Qb6 6. Qb3 c4 7. Qxb6 axb6 8. Na3 Ra5 9. Ne5 Bf5 10. f3 e6 11. Naxc4 dxc4 12. Nxc4 Ra6 13. Nd6+ Bxd6 14. Bxa6 Bxf4 15. Bxb7 Nd8 16. exf4 Nxb7 17. c4 Na5 18. g4 Bg6 19. b3 h5 20. f5 exf5 21. g5 Nd7 22. f4 Ke7 23.
Kd2 Kd6 24. Rae1 h4 25. Kc3 Rc8 26. a4 Nf8 27. Re5 Ne6 28.
Rb5 Kc7 29. b4 Nb7 30. Rf1 Ra8 31. d5 Nd6 32. dxe6 Nxb5+ 33. axb5 fxe6 34. c5 Ra3+ 35. Kd4 bxc5+ 36. bxc5 Ra4+ 37. Kc3 Be8 38.
b6+ Kb7 39. Kb3 Bb5 40. Re1 Rxf4 41. Ra1 Bc4+ 42. Kc3 Ba6 43. Rd1 Rc4+ 44. Kb3 Rxc5 45. Rd7+ Kxb6 46. Rxg7 f4 0-1

[Event "Gibraltar Masters 18th"]
[Site "Gibraltar"]
[Date "2020.01.21"]
[Round "1.26"]
[White "Chigaev, Maksim"]
[Black "Zhukova, Natalia"]
[Result "1-0"]
[ECO "A00"]
[WhiteElo "2616"]
[BlackElo "2338"]
[PlyCount "63"]
[EventDate "2020.01.21"]
[EventType "swiss"]
[EventRounds "10"]
[EventCountry "GGB"]
[SourceTitle "BritBase"]
[Source "John Saunders"]
[SourceDate "2021.06.05"]
[SourceVersion "1"]
[SourceVersionDate "2021.06.05"]
[SourceQuality "1"]
[TimeControl "40/100:0"]
[WhiteClock "0:45:46"]
[BlackClock "0:01:12"]

1. Nf3 Nf6 2. g3 d5 3. Bg2 Nbd7 4. O-O e5 5. d3 Bd6 6. Nc3 c6 7. e4 O-O 8. Nd2 Nb6 9. Qe1 Re8 10. Kh1 Bd7 11. f4 exf4 12. gxf4 dxe4 13. dxe4 Nfd5 14. Nb3 Qc7 15. e5 Nxc3 16. Qxc3 Bf8 17. a4 Be6 18. a5 Nd5 19. Qg3 Nb4 20. Nd4 Bc4 21. Rf2 Rad8 22. Be3 Nd5 23. Bd2 Nb4 24. Bxb4 Bxb4 25. Nf5 g6 26. Ne3 Ba6 27. Ng4 Be7 28. f5 Rf8 29. Qf4 Kh8 30. f6 Bc5 31. Qh6 Rg8 32. Rf3 1-0

[Event "Gibraltar Masters 18th"]
[Site "Gibraltar"]
[Date "2020.01.21"]
[Round "1.27"]
[White "Borocz, Istvan"]
[Black "Kobalia, Mikhail"]
[Result "0-1"]
[ECO "B88"]
[WhiteElo "2337"]
[BlackElo "2609"]
[PlyCount "76"]
[EventDate "2020.01.21"]
[EventType "swiss"]
[EventRounds "10"]
[EventCountry "GGB"]
[SourceTitle "BritBase"]
[Source "John Saunders"]
[SourceDate "2021.06.05"]
[SourceVersion "1"]
[SourceVersionDate "2021.06.05"]
[SourceQuality "1"]
[TimeControl "40/100:0"]
[WhiteClock "0:02:55"]
[BlackClock "0:11:43"]

1. e4 c5 2. Nf3 d6 3. d4 cxd4 4. Nxd4 Nf6 5. Nc3 Nc6 6. Bc4 e6 7. O-O Be7 8. Bb3 O-O 9. f4 Na5 10. f5 e5 11. Nde2 Nxb3 12. axb3 b5 13.
Bg5 Bb7 14. Bxf6 Bxf6 15. Nd5 b4 16. Kh1 a5 17. Ng3 Bxd5 18.
Qxd5 Qc7 19. Nh5 Bg5 20. Qd3 Rfc8 21. Qg3 f6 22. h4 Qf7 23. Qg4 Bh6 24. Rad1 Ra6 25. Rf2 Rc5 26. Rd3 Rac6 27. Qd1 Qc7 28.
Rg3 Kf8 29. Qg4 d5 30. exd5 Rxd5 31. Rd3 Rxd3 32. cxd3 Rc1+ 33. Kh2 e4+ 34. Ng3 e3 35. Re2 Bf4 36. Kh3 Bxg3 37. Qxg3 Rh1+ 38. Kg4 h5+ 0-1

[Event "Gibraltar Masters 18th"]
[Site "Gibraltar"]
[Date "2020.01.21"]
[Round "1.28"]
[White "Yilmaz, Mustafa"]
[Black "Lujan, Carolina"]
[Result "1-0"]
[ECO "A16"]
[WhiteElo "2607"]
[BlackElo "2330"]
[PlyCount "67"]
[EventDate "2020.01.21"]
[EventType "swiss"]
[EventRounds "10"]
[EventCountry "GGB"]
[SourceTitle "BritBase"]
[Source "John Saunders"]
[SourceDate "2021.06.05"]
[SourceVersion "1"]
[SourceVersionDate "2021.06.05"]
[SourceQuality "1"]
[TimeControl "40/100:0"]
[WhiteClock "0:30:58"]
[BlackClock "0:01:43"]

1. c4 Nf6 2. Nc3 d5 3. cxd5 Nxd5 4. g3 g6 5. Bg2 Nxc3 6.
bxc3 Bg7 7. Rb1 Nc6 8. h4 h6 9. d4 O-O 10. h5 g5 11. f4 g4 12. e4 f5 13. e5 Na5 14. Ne2 c6 15. d5 cxd5 16. Qxd5+ Qxd5 17. Bxd5+ e6 18. Bg2 Bd7 19. Kf2 Rfd8 20. Be3 Bf8 21. Rhd1 Ba4 22. Rxd8 Rxd8 23. Bxb7 Be8 24. Nd4 Bc5 25. Nxf5 Bxe3+ 26. Nxe3 Rd2+ 27. Ke1 Rd3 28. Nxg4 Rxg3 29. Nf6+ Kf8 30. Be4 Nc6 31. Rb7 Rxc3 32. Bg6 Bxg6 33. hxg6 Rg3 34. Rf7# 1-0

[Event "Gibraltar Masters 18th"]
[Site "Gibraltar"]
[Date "2020.01.21"]
[Round "1.29"]
[White "Divya, Deshmukh"]
[Black "Karthikeyan, Murali"]
[Result "0-1"]
[ECO "A47"]
[WhiteElo "2322"]
[BlackElo "2606"]
[PlyCount "68"]
[EventDate "2020.01.21"]
[EventType "swiss"]
[EventRounds "10"]
[EventCountry "GGB"]
[SourceTitle "BritBase"]
[Source "John Saunders"]
[SourceDate "2021.06.05"]
[SourceVersion "1"]
[SourceVersionDate "2021.06.05"]
[SourceQuality "1"]
[TimeControl "40/100:0"]
[WhiteClock "0:05:20"]
[BlackClock "0:10:23"]

1. d4 Nf6 2. Nf3 e6 3. Bf4 b6 4. e3 Bb7 5. Bd3 Be7 6. h3 O-O 7. O-O c5 8. Nbd2 d6 9. c3 Nc6 10. Qe2 Qc7 11. Bh2 e5 12. dxe5 Nxe5 13.
Nxe5 dxe5 14. Ba6 Bxa6 15. Qxa6 Rfe8 16. Nc4 Bf8 17. a4 Rab8 18. Rfd1 Re6 19. Qb5 g5 20. f3 h5 21. e4 Rc8 22. a5 g4 23.
axb6 axb6 24. Ra6 Rd8 25. Rda1 gxf3 26. gxf3 Nxe4 27. fxe4 Rg6+ 28. Kf2 Qe7 29. Rg1 Qh4+ 30. Bg3 Qxe4 31. Rxb6 Qc2+ 32. Kf3 Rd3+ 33. Ne3 Rxe3+ 34. Kxe3 Bh6+ 0-1

[Event "Gibraltar Masters 18th"]
[Site "Gibraltar"]
[Date "2020.01.21"]
[Round "1.30"]
[White "Pichot, Alan"]
[Black "Heinemann, Josefine"]
[Result "1/2-1/2"]
[ECO "C83"]
[WhiteElo "2606"]
[BlackElo "2317"]
[PlyCount "71"]
[EventDate "2020.01.21"]
[EventType "swiss"]
[EventRounds "10"]
[EventCountry "GGB"]
[SourceTitle "BritBase"]
[Source "John Saunders"]
[SourceDate "2021.06.05"]
[SourceVersion "1"]
[SourceVersionDate "2021.06.05"]
[SourceQuality "1"]
[TimeControl "40/100:0"]
[WhiteClock "0:00:56"]
[BlackClock "0:33:52"]

1. e4 e5 2. Nf3 Nc6 3. Bb5 a6 4. Ba4 Nf6 5. O-O Nxe4 6. d4 b5 7. Bb3 d5 8. dxe5 Be6 9. c3 Be7 10. Bc2 O-O 11. Nbd2 f5 12. exf6 Nxf6 13. Re1 Qd7 14. a4 b4 15. a5 Bg4 16. h3 Bh5 17. Ba4 Bc5 18.
cxb4 Ba7 19. b3 Qd6 20. Bxc6 Qxc6 21. Bb2 Ne4 22. Nxe4 dxe4 23. Rc1 Qb7 24. Qc2 Bxf3 25. Qc4+ Kh8 26. gxf3 Rxf3 27. Qxe4 Qxe4 28. Rxe4 Rxf2 29. Bd4 Bxd4 30. Rxd4 Rb2 31. Rxc7 Re8 32. Re7 Rb1+ 33. Kg2 Rb2+ 34. Kg1 Rb1+ 35. Kg2 Rb2+ 36. Kg1 1/2-1/2

[Event "Gibraltar Masters 18th"]
[Site "Gibraltar"]
[Date "2020.01.21"]
[Round "1.31"]
[White "Nandhidhaa, P V."]
[Black "Praggnanandhaa, Rameshbabu"]
[Result "1-0"]
[ECO "B57"]
[WhiteElo "2312"]
[BlackElo "2602"]
[PlyCount "133"]
[EventDate "2020.01.21"]
[EventType "swiss"]
[EventRounds "10"]
[EventCountry "GGB"]
[SourceTitle "BritBase"]
[Source "John Saunders"]
[SourceDate "2021.06.05"]
[SourceVersion "1"]
[SourceVersionDate "2021.06.05"]
[SourceQuality "1"]
[TimeControl "40/100:0"]
[WhiteClock "0:08:23"]
[BlackClock "0:38:29"]

1. e4 c5 2. Nf3 Nc6 3. d4 cxd4 4. Nxd4 Nf6 5. Nc3 d6 6. Bc4 Qb6 7. Nb3 e6 8. Bf4 Ne5 9. Be2 a6 10. g4 Qc7 11. g5 Nfd7 12. a4 b6 13.
Qd2 Bb7 14. f3 Be7 15. h4 O-O 16. h5 b5 17. axb5 axb5 18. Rxa8 Rxa8 19. Nxb5 Qb6 20. Qe3 Qd8 21. O-O f6 22. gxf6 Nxf6 23. h6 Qe8 24. Nc7 Qg6+ 25. Kh1 Ra4 26. Nd2 Qh5+ 27. Bh2 d5 28. Rg1 g6 29. Nxe6 Bd6 30. Nf4 Qxh6 31. Nxd5 Qxh2+ 32. Kxh2 Nxd5 33. Qb3 Rb4 34. Qa2 Rd4 35. Kg2 Rxd2 36. Re1 Kh8 37. exd5 Nxf3 38. Qa5 Nxe1+ 39. Kf1 Rxd5 40. Qd8+ Kg7 41. Qd7+ Kh6 42. Qh3+ Kg7 43. Kxe1 Bb4+ 44. c3 Be7 45. Bc4 Re5+ 46. Kd1 Be4 47. Qc8 Bf6 48. Qg8+ Kh6 49. Qf7 Rf5 50. Qe6 Rf4 51. Qd6 Bg5 52. Bd3 Bb7 53. Qb6 Rf7 54. Kc2 Kg7 55. b4 Bf6 56. Qg1 Rf8 57. Qg3 Rc8 58. c4 Bd5 59. Qd6 Bf7 60.
Qa6 Rd8 61. c5 h5 62. c6 Be5 63. Qb7 Rb8 64. Qe7 Re8 65. Qd7 Kf8 66. c7 Be6 67. Qxe6 1-0

[Event "Gibraltar Masters 18th"]
[Site "Gibraltar"]
[Date "2020.01.21"]
[Round "1.32"]
[White "Basso, Pier Luigi"]
[Black "Pein, Malcolm"]
[Result "1-0"]
[ECO "E90"]
[WhiteElo "2600"]
[BlackElo "2310"]
[PlyCount "53"]
[EventDate "2020.01.21"]
[EventType "swiss"]
[EventRounds "10"]
[EventCountry "GGB"]
[SourceTitle "BritBase"]
[Source "John Saunders"]
[SourceDate "2021.06.05"]
[SourceVersion "1"]
[SourceVersionDate "2021.06.05"]
[SourceQuality "1"]
[TimeControl "40/100:0"]
[WhiteClock "0:16:12"]
[BlackClock "0:00:42"]

1. d4 g6 2. e4 Bg7 3. c4 c5 4. d5 d6 5. Nc3 Nf6 6. Bd3 O-O 7. h3 Na6 8. Nf3 e5 9. Bg5 Nc7 10. Qd2 Qe8 11. g4 a6 12. Ne2 b5 13. b3 bxc4 14. bxc4 Rb8 15. Ng3 Qa4 16. O-O Bd7 17. Rab1 a5 18. Ne2 Na6 19. Rfc1 Rb4 20.
Ne1 Rxb1 21. Rxb1 Rb8 22. Nc3 Qa3 23. Ra1 Ba4 24. Bc2 Rb2 25.
Nxa4 Qxh3 26. Nxb2 Nxg4 27. f3 1-0

[Event "Gibraltar Masters 18th"]
[Site "Gibraltar"]
[Date "2020.01.21"]
[Round "1.33"]
[White "Pranav, Anand"]
[Black "Can, Emre"]
[Result "1-0"]
[ECO "E11"]
[WhiteElo "2309"]
[BlackElo "2600"]
[PlyCount "107"]
[EventDate "2020.01.21"]
[EventType "swiss"]
[EventRounds "10"]
[EventCountry "GGB"]
[SourceTitle "BritBase"]
[Source "John Saunders"]
[SourceDate "2021.06.05"]
[SourceVersion "1"]
[SourceVersionDate "2021.06.05"]
[SourceQuality "1"]
[TimeControl "40/100:0"]
[WhiteClock "0:09:15"]
[BlackClock "0:27:24"]

1. d4 e6 2. c4 Bb4+ 3. Bd2 c5 4. Bxb4 cxb4 5. Nf3 Nf6 6.
a3 bxa3 7. Rxa3 O-O 8. Nc3 Nc6 9. e3 b6 10. Be2 Bb7 11. d5 Nb4 12. e4 d6 13. O-O e5 14. Nd2 a5 15. Na2 Qc7 16. Qb1 Nd7 17. Rg3 g6 18.
Nc3 Nc5 19. h4 Qe7 20. h5 Bc8 21. Nf3 Qf6 22. Nh2 Kh8 23. b3 Bd7 24. Bg4 gxh5 25. Bxd7 Nxd7 26. Nb5 Nc5 27. Rf3 Qg6 28. Rg3 Qh6 29. f4 Rg8 30. Rgf3 Qg6 31. R3f2 Nbd3 32. f5 Qf6 33. Rf3 Nf4 34. g3 h4 35. g4 h5 36. Qb2 Nfd3 37. Qe2 Nb4 38. R3f2 hxg4 39. Rg2 Rg5 40. Nxg4 Qg7 41. f6 Qh7 42. Nxd6 Nbd3 43. Nh6 Rxg2+ 44. Qxg2 Rf8 45. Ndf5 Ra8 46. Qg7+ Qxg7+ 47. fxg7+ Kh7 48. d6 Nf4 49. Rd1 Ne2+ 50. Kg2 Nc3 51. Rg1 Ne2 52. Rh1 Nf4+ 53. Kf3 h3 54. Nxf7 1-0

[Event "Gibraltar Masters 18th"]
[Site "Gibraltar"]
[Date "2020.01.21"]
[Round "1.34"]
[White "Moussard, Jules"]
[Black "De Haan, Eric"]
[Result "1-0"]
[ECO "B48"]
[WhiteElo "2600"]
[BlackElo "2308"]
[PlyCount "51"]
[EventDate "2020.01.21"]
[EventType "swiss"]
[EventRounds "10"]
[EventCountry "GGB"]
[SourceTitle "BritBase"]
[Source "John Saunders"]
[SourceDate "2021.06.05"]
[SourceVersion "1"]
[SourceVersionDate "2021.06.05"]
[SourceQuality "1"]
[TimeControl "40/100:0"]
[WhiteClock "1:04:45"]
[BlackClock "0:20:42"]

1. e4 c5 2. Nf3 e6 3. d4 cxd4 4. Nxd4 Nc6 5. Nc3 Qc7 6. Be3 a6 7. Qf3 Bd6 8. O-O-O Be5 9. g3 Nge7 10. Qe2 b5 11. f4 Bxd4 12. Bxd4 Nxd4 13. Rxd4 Rb8 14. Qd2 b4 15. Na4 a5 16. Rc4 Qa7 17. Bg2 d5 18.
exd5 exd5 19. Qd4 Qd7 20. Nb6 Rxb6 21. Qxb6 dxc4 22. Rd1 Qxd1+ 23. Kxd1 O-O 24. Qxa5 Nf5 25. Kc1 Ne3 26. Bc6 1-0

[Event "Gibraltar Masters 18th"]
[Site "Gibraltar"]
[Date "2020.01.21"]
[Round "1.35"]
[White "Pourkashiyan, Atousa"]
[Black "Vaibhav, Suri"]
[Result "0-1"]
[ECO "B92"]
[WhiteElo "2305"]
[BlackElo "2593"]
[PlyCount "150"]
[EventDate "2020.01.21"]
[EventType "swiss"]
[EventRounds "10"]
[EventCountry "GGB"]
[SourceTitle "BritBase"]
[Source "John Saunders"]
[SourceDate "2021.06.05"]
[SourceVersion "1"]
[SourceVersionDate "2021.06.05"]
[SourceQuality "1"]
[TimeControl "40/100:0"]
[WhiteClock "0:04:09"]
[BlackClock "0:01:56"]

1. e4 c5 2. Nf3 d6 3. d4 cxd4 4. Nxd4 Nf6 5. Nc3 a6 6. Be2 e5 7. Nb3 Be7 8. O-O O-O 9. Be3 Be6 10. Re1 Nbd7 11. a4 Rc8 12. Bf3 Nb6 13.
Nd2 Nc4 14. Nxc4 Rxc4 15. a5 Qc7 16. Qd3 Rc8 17. Bb6 Qc6 18.
h3 Rb4 19. Rab1 Bd8 20. Nd5 Bxd5 21. exd5 Qd7 22. c3 Rbc4 23. Qe3 Bxb6 24. Qxb6 R4c5 25. Qb4 Qc7 26. Ra1 e4 27. Bg4 Re8 28. Rad1 Re5 29. Be2 Rcxd5 30. c4 Rc5 31. Qd2 Re6 32. b4 Rce5 33. Bf1 g6 34. Qd4 d5 35. Rc1 dxc4 36. Rxc4 Qe7 37. Rec1 Rd6 38. Qa7 Rd7 39. Qb8+ Kg7 40. Rc7 Qxb4 41. Rxb7 Qxa5 42. Rxd7 Nxd7 43. Qb2 Nf6 44. Bxa6 h5 45. Bc4 Rc5 46. Bb3 h4 47. Rxc5 Qxc5 48. Ba2 Qa5 49. Bc4 Qc5 50. Ba2 g5 51. Bb1 Qa5 52. Kh2 Qf5 53. Ba2 Kg6 54. Qb3 Qf4+ 55. Kg1 Qc1+ 56. Kh2 Qc7+ 57. Kg1 g4 58. Qe3 g3 59. Bb1 Qe5 60. fxg3 hxg3 61. Bd3 Kg7 62. Bf1 Nd5 63. Qe2 Qf4 64. Qb2+ Kg8 65. Bc4 Ne3 66. Ba6 Nf5 67. Qc2 e3 68. Qc8+ Kg7 69. Qc3+ Nd4 70. Bc4 e2 71. Bxe2 Qc1+ 72. Qxc1 Nxe2+ 73. Kf1 Nxc1 74. Ke1 f5 75. Kd2 f4 0-1

[Event "Gibraltar Masters 18th"]
[Site "Gibraltar"]
[Date "2020.01.21"]
[Round "1.36"]
[White "Kryakvin, Dmitry"]
[Black "Judkovsky, Yair"]
[Result "1-0"]
[ECO "A30"]
[WhiteElo "2592"]
[BlackElo "2305"]
[PlyCount "83"]
[EventDate "2020.01.21"]
[EventType "swiss"]
[EventRounds "10"]
[EventCountry "GGB"]
[SourceTitle "BritBase"]
[Source "John Saunders"]
[SourceDate "2021.06.05"]
[SourceVersion "1"]
[SourceVersionDate "2021.06.05"]
[SourceQuality "1"]
[TimeControl "40/100:0"]
[WhiteClock "1:22:01"]
[BlackClock "1:13:08"]

1. Nf3 Nf6 2. c4 e6 3. g3 b6 4. Bg2 Bb7 5. O-O c5 6. Nc3 Be7 7. d4 cxd4 8. Qxd4 O-O 9. Bg5 h6 10. Bxf6 Bxf6 11. Qd3 Na6 12. Rfd1 Nc5 13. Qc2 Qe7
14. Rac1 Rfc8 15. Nd4 Bxg2 16. Kxg2 a6 17. b4 Nb7 18. Qb3 Nd6 19. Na4 Bxd4 20. Rxd4 b5 21. Nb6 Nxc4
22. Nxa8 Rxa8 23. Rcd1 d6 24. a4 Qc7 25. Ra1 Rc8 26. axb5 axb5 27. Rdd1 Qb7+ 28. Kg1 d5 29. Qa2 Rd8
30. Qa7 Qc8 31. Ra2 Qc6 32. Ra6 Qe8 33. Rda1 Kh7 34. Qd4 e5 35. Qg4 g6 36. Ra7 Kg7 37. R1a6 Nd6
38. h4 d4 39. Rc7 e4 40. Qf4 Qe6 41. Rcc6 d3 42. exd3 1-0

[Event "Gibraltar Masters 18th"]
[Site "Gibraltar"]
[Date "2020.01.21"]
[Round "1.37"]
[White "Belenkaya, Dina"]
[Black "Santos Ruiz, Miguel"]
[Result "1/2-1/2"]
[ECO "B31"]
[WhiteElo "2304"]
[BlackElo "2591"]
[PlyCount "88"]
[EventDate "2020.01.21"]
[EventType "swiss"]
[EventRounds "10"]
[EventCountry "GGB"]
[SourceTitle "BritBase"]
[Source "John Saunders"]
[SourceDate "2021.06.05"]
[SourceVersion "1"]
[SourceVersionDate "2021.06.05"]
[SourceQuality "1"]
[TimeControl "40/100:0"]
[WhiteClock "1:17:42"]
[BlackClock "1:18:02"]

1. e4 c5 2. Nf3 Nc6 3. Bb5 g6 4. O-O Bg7 5. Re1 e5 6. Nc3 Nge7 7. Bc4 O-O 8. d3 h6 9. a3 d6 10. h3 a6 11. Nd5 b5 12. Ba2 Rb8 13. c3 Nxd5 14. Bxd5 Ne7 15. Ba2 Bb7 16. b4 Kh7 17. Bb2 cxb4 18. axb4 d5
19. Nd2 d4 20. cxd4 exd4 21. Nb3 Qd6 22. Nc5 Bc8 23. Qe2 Be5 24. Bc1 a5 25. f4 Bg7 26. e5 Qb6 27.
Bb2 Nc6 28. bxa5 Qxa5 29. Rec1 Qb6 30. Bd5 Ne7 31. Be4 Nc6 32. Bd5 Ne7 33. Be4 Rd8 34. Qf2 Nd5
35. Bxd4 Nxf4 36. Be3 Nd5 37. Bxd5 Rxd5 38. Nd7 Qb7 39. Nxb8 Qxb8 40. d4 Be6 41. Qc2 b4 42. Ra4 b3
43. Qb2 Rb5 44. Bd2 Qb7 1/2-1/2

[Event "Gibraltar Masters 18th"]
[Site "Gibraltar"]
[Date "2020.01.21"]
[Round "1.38"]
[White "Tregubov, Pavel V"]
[Black "Ranaldi, Lucas"]
[Result "1/2-1/2"]
[ECO "B11"]
[WhiteElo "2588"]
[BlackElo "2296"]
[PlyCount "62"]
[EventDate "2020.01.21"]
[EventType "swiss"]
[EventRounds "10"]
[EventCountry "GGB"]
[SourceTitle "BritBase"]
[Source "John Saunders"]
[SourceDate "2021.06.05"]
[SourceVersion "1"]
[SourceVersionDate "2021.06.05"]
[SourceQuality "1"]
[TimeControl "40/100:0"]
[WhiteClock "0:01:02"]
[BlackClock "0:05:24"]

1. e4 c6 2. Nc3 d5 3. Nf3 Bg4 4. h3 Bxf3 5. Qxf3 Nf6 6. g3 e6 7. Bg2 Bc5 8. O-O Nbd7 9. d3 O-O 10. Qe2 Qc7 11. Bf4 e5 12. Bd2 dxe4 13.
Nxe4 Nxe4 14. Qxe4 Kh8 15. b4 Bd6 16. f4 exf4 17. Bxf4 Rae8 18. Qd4 Bxf4 19. Rxf4 a6 20. Raf1 Ne5 21. Kh2 Re7 22. a4 a5 23. bxa5 Qxa5 24. Qb4 Qc7 25. a5 Ra8 26. Ra1 Ng6 27. Re4 Rxe4 28.
Bxe4 h5 29. Bxg6 fxg6 30. Qf4 Qe7 31. Kg2 Rf8 1/2-1/2

[Event "Gibraltar Masters 18th"]
[Site "Gibraltar"]
[Date "2020.01.21"]
[Round "1.39"]
[White "Antova, Gabriela"]
[Black "Santos Latasa, Jaime"]
[Result "1/2-1/2"]
[ECO "E60"]
[WhiteElo "2295"]
[BlackElo "2586"]
[PlyCount "78"]
[EventDate "2020.01.21"]
[EventType "swiss"]
[EventRounds "10"]
[EventCountry "GGB"]
[SourceTitle "BritBase"]
[Source "John Saunders"]
[SourceDate "2021.06.05"]
[SourceVersion "1"]
[SourceVersionDate "2021.06.05"]
[SourceQuality "1"]
[TimeControl "40/100:0"]
[WhiteClock "0:00:39"]
[BlackClock "0:46:01"]

1. d4 Nf6 2. c4 g6 3. Nf3 Bg7 4. g3 O-O 5. Bg2 d6 6. O-O Ne4 7. Qc2 f5 8.
Nbd2 Nxd2 9. Bxd2 e5 10. dxe5 dxe5 11. Rad1 Nc6 12. e4 Qf6 13. Bc3 Be6 14. exf5 Bxf5 15. Qb3 Bg4 16. Rd3 Qf5 17. c5+ Kh8 18. Qc4 Qh5 19. h3 Bxh3 20. Bxh3 Qxh3 21. Ng5 Qf5 22. Ne6 Qf7 23. Qb3 Rfe8 24. Nxg7 Qxb3 25. axb3 Kxg7 26. Rd7+ Kf6 27. Rxh7 Re7 28. Rh4 Ke6 29. b4 a6 30. f4 Rf8 31. Rg4 exf4 32. Rxg6+ Kd5 33. Rxf4 Rxf4 34. gxf4 Rf7 35. Kg2 Rxf4 36.
Rg7 Nxb4 37. Rxc7 Na2 38. Be1 Re4 39. Kf1 Nb4 1/2-1/2

[Event "Gibraltar Masters 18th"]
[Site "Gibraltar"]
[Date "2020.01.21"]
[Round "1.40"]
[White "Kadric, Denis"]
[Black "Garrido Outon, Alex"]
[Result "1-0"]
[ECO "C54"]
[WhiteElo "2585"]
[BlackElo "2287"]
[PlyCount "55"]
[EventDate "2020.01.21"]
[EventType "swiss"]
[EventRounds "10"]
[EventCountry "GGB"]
[SourceTitle "BritBase"]
[Source "John Saunders"]
[SourceDate "2021.06.05"]
[SourceVersion "1"]
[SourceVersionDate "2021.06.05"]
[SourceQuality "1"]
[TimeControl "40/100:0"]
[WhiteClock "0:26:53"]
[BlackClock "0:18:26"]

1. e4 e5 2. Nf3 Nc6 3. Bc4 Bc5 4. c3 Nf6 5. d3 d6 6. O-O a5 7. Nbd2 O-O 8. h3 h6 9. Bb5 Ba7 10. Re1 Ne7 11. Nf1 c6 12. Ba4 Ng6 13.
Ng3 Re8 14. d4 b5 15. Bc2 Qc7 16. Be3 c5 17. Qd2 Kh7 18. Rad1 Bd7 19. Nf5 Bxf5 20. exf5 Ne7 21. dxe5 dxe5 22. Qc1 Nc6 23. Nd2 e4 24. Nxe4 Nxe4 25. Bf4 Qe7 26. Rxe4 Qh4 27. Bg3 Qh5 28. Rh4 1-0